 Dungeon Crawl Stone Soup version 0.23.1 (webtiles) character file.

Game seed: 18143561142115383362

10285 Chocolat the Blocker (level 11, -9/81 HPs)
             Began as a Formicid Venom Mage on Mar 15, 2019.
             Was a High Priest of Cheibriados.
             Mangled by a large slime creature (24 damage)
             ... on level 11 of the Dungeon on Mar 16, 2019.
             The game lasted 00:41:57 (10727 turns).

Chocolat the Blocker (Formicid Venom Mage)         Turns: 10727, Time: 00:41:59

Health: -9/81      AC: 19    Str: 29    XL:     11   Next: 90%
Magic:  2/17       EV: 15    Int: 28    God:    Cheibriados [*****.]
Gold:   579        SH: 13    Dex: 24    Spells: 5/18 levels left

rFire    . . .     SeeInvis +   a - +7 whip "Sisowk" {slash, +Inv rN+}
rCold    . . .     Gourm    .   h - +0 shield
rNeg     + . .     Faith    .   P - +0 chain mail
rPois    .         Spirit   .   (helmet unavailable)
rElec    .         Reflect  .   E - +2 cloak
rCorr    .         Harm     .   C - +0 pair of gloves
MR       +....                  u - +2 pair of boots
Stlth    ..........             r - amulet of the acrobat
HPRegen  0.23/turn              i - +5 ring of evasion
MPRegen  0.15/turn              O - ring of wizardry

@: very slow
A: permanent stasis, dig shafts and tunnels, four strong arms, antennae 3
a: Dig, Shaft Self, Bend Time, Temporal Distortion, Slouch, Step From Time,
Renounce Religion, Evoke Invisibility


You were on level 11 of the Dungeon.
You worshipped Cheibriados.
Cheibriados was extremely pleased with you.
You were not hungry.

You visited 1 branch of the dungeon, and saw 11 of its levels.
You also visited: Ossuary.

You collected 579 gold pieces.

Inventory:

Hand Weapons
 a - the +7 whip "Sisowk" (weapon) {slash, +Inv rN+}
   (You found it on level 8 of the Dungeon)

   It inflicts extra damage upon your enemies.
   It protects you from negative energy.
   It lets you turn invisible.
 b - a +0 dagger
 e - a +0 short sword
 g - a +2 hand axe of draining
 m - a +2 dagger of holy wrath
 o - a cursed +0 war axe
 I - a +0 trident
Missiles
 l - 4 throwing nets (quivered)
 H - 7 javelins
 M - 5 tomahawks
Armour
 h - a +0 shield (worn)
 k - a +0 ring mail
 t - a scarf of spirit shield
 u - a +2 pair of boots (worn)
 C - a +0 pair of gloves (worn)
 D - a +0 plate armour
 E - a +2 cloak (worn)
 P - a +0 chain mail (worn)
 R - a +0 robe
Jewellery
 i - a +5 ring of evasion (left hand)
 r - an amulet of the acrobat (around neck)
 s - an uncursed amulet of the gourmand
 O - a ring of wizardry (right hand)
Wands
 A - a wand of enslavement (7)
 G - a wand of polymorph (4)
 L - a wand of scattershot (4)
 S - a wand of iceblast (11)
 U - a wand of paralysis (4)
 V - a wand of digging (6)
Scrolls
 d - a scroll of random uselessness {unknown}
 q - 3 scrolls of amnesia {unknown}
 w - a scroll of summoning {unknown}
 x - 2 scrolls of fog {unknown}
 y - a scroll of noise {unknown}
 B - a scroll of enchant weapon {unknown}
 N - 3 scrolls of blinking {unknown}
 Q - a scroll of remove curse {unknown}
 T - a scroll of fear {unknown}
Potions
 f - 2 potions of haste
 j - a potion of mutation
 n - 11 potions of curing
 v - 9 potions of heal wounds
 z - a potion of lignification {unknown}
 F - a potion of agility {unknown}
 J - 2 potions of resistance
 K - a potion of flight {unknown}
Comestibles
 c - 13 rations
 p - 13 chunks of flesh


   Skills:
 + Level 5.8 Fighting
 - Level 1.3 Short Blades
 + Level 6.8(7.0) Axes
 - Level 2.2(4.8) Maces & Flails
 * Level 9.1 Armour
 - Level 1.7 Dodging
 - Level 2.4 Stealth
 - Level 9.1 Shields
 - Level 4.0 Spellcasting
 - Level 1.1 Conjurations
 * Level 3.6 Charms
 * Level 3.6 Necromancy
 - Level 3.0 Air Magic
 - Level 6.1 Poison Magic
 * Level 6.8 Invocations
 * Level 1.8 Evocations


You had 5 spell levels left.
You knew the following spells:

 Your Spells              Type           Power        Failure   Level  Hunger
a - Sting                 Conj/Pois      ####         2%          1    None
b - Poisonous Vapours     Pois/Air       ####..       3%          2    None
c - Olgreb's Toxic Radia  Pois           #####...     11%         4    ####...
d - Regeneration          Chrm/Necr      ####......   9%          3    ##.....
e - Mephitic Cloud        Conj/Pois/Air  ###.....     9%          3    ##.....

Your spell library contained the following spells:

 Spells                   Type           Power        Failure   Level  Hunger
 Infusion                 Chrm           ####         2%          1    None
 Song of Slaying          Chrm           ####....     4%          2    None
 Shroud of Golubria       Chrm/Tloc      ###.......   9%          2    None
 Freeze                   Ice            #...         12%         1    None
 Throw Frost              Conj/Ice       #.....       16%         2    None
 Ozocubu's Armour         Chrm/Ice       ###.....     17%         3    ##.....
 Spectral Weapon          Hex/Chrm       ###.....     17%         3    ##.....
 Venom Bolt               Conj/Pois      ####......   58%         5    #####..
 Throw Icicle             Conj/Ice       #.......     65%         4    ####...
 Summon Ice Beast         Ice/Summ       #.......     73%         4    ####...


Dungeon Overview and Level Annotations

Branches:
Dungeon (11/15)            Temple (0/1) D:6            Lair (0/6) D:8
    Orc: D:9-12

Altars:
Cheibriados
Gozag
Hepliaklqana
Kikubaaqudgha
Makhleb
Nemelex Xobeh
Okawaru
Ru
Trog
Xom
Zin
The Shining One

Shops:
D:4 *

Annotations:
D:3 1 runed translucent door, exclusion: downstairs, EtherCrawl's ghost, amateur HuFi
D:6 1 runed translucent door, Crazy Yiuf
D:11 Snorg


Innate Abilities, Weirdness & Mutations

You cannot be hasted, slowed, berserked, paralysed or teleported.
You can dig through walls and to a lower floor.
Your four strong arms can wield two-handed weapons with a shield.
You have a pair of large antennae on your head. (SInv)


Message History

You closely miss Snorg.
Snorg is severely wounded.
You block Snorg's attack. x2; Snorg claws you.
The large slime creature hits you!!
* * * LOW HITPOINT WARNING * * *
The slime creature barely misses you. Snorg bites you.
* * * LOW HITPOINT WARNING * * *
Snorg claws you but does no damage. You block Snorg's attack.
You hit Snorg.
Snorg is severely wounded.
You block the slime creature's attack. Snorg bites you but does no damage.
Snorg claws you but does no damage. Snorg barely misses you.
You hit Snorg.
Snorg is severely wounded.
The slime creature is no longer moving slowly.
The large slime creature is no longer moving slowly.
Snorg misses you. Snorg claws you!
* * * LOW HITPOINT WARNING * * *
You block Snorg's attack. The large slime creature hits you!!
You die...

........................
........>.######.#####.#
..........# #.# .#
..........# #.# .#
..........# #)# .#
..........######)#####.#####
###.............))..........
#.######.#####JJ..........
#.# #.# #@T.))....... #.#
#.# #.J.[†.(..... #.# #.#
#....†....... #.# #.#
#............
#÷######.#####............
###.......).................
....######################>.
###.# #....... #.# #.......


You could see Snorg (berserk), a large slime creature and 2 slime creatures.

Vanquished Creatures
  2 two-headed ogres
  An ugly thing (D:11)
  A gargoyle (D:10)
  Maurice (D:11)
  A centaur skeleton (D:11)
  A komodo dragon (D:8)
  2 slime creatures (D:11)
  A vampire (D:11)
  5 wyverns
  2 wraiths (D:11)
  6 yaks (D:11)
  2 hungry ghosts
  A hornet zombie (D:10)
  2 ice beasts
  5 orc warriors
  2 sky beasts
  A black bear (D:7)
  An eye of draining (D:10)
  A phantom (D:6)
  An ogre (D:10)
  4 centaurs
  2 elf zombies (Ossuary)
  A gnoll sergeant (D:8)
  3 bullfrogs
  A wyvern skeleton (D:10)
  A scorpion (D:10)
  11 killer bees (D:11)
  8 wights
  2 electric eels (D:9)
  4 crimson imps
  2 howler monkeys
  4 centaur zombies
  A bullfrog skeleton (D:9)
  3 hounds
  4 orc priests
  4 jellies
  5 orc wizards
  A human zombie (Ossuary)
  3 iguanas
  9 worker ants
  A big kobold zombie (Ossuary)
  2 mummies (Ossuary)
  13 adders
  12 gnolls
  3 shadow imps
  2 oozes (D:4)
  An adder zombie (Ossuary)
  2 worms
  3 dart slugs
  6 leopard geckos
  28 orcs
  4 bats
  8 giant cockroaches
  8 goblins
  11 hobgoblins
  10 jackals
  5 quokkas
  A ball python (D:5)
  3 frilled lizards
  2 goblin zombies (Ossuary)
  12 hobgoblin zombies
  10 kobolds
  A kobold skeleton (D:5)
  14 kobold zombies
  2 orc skeletons (D:5)
  8 orc zombies
  A quokka zombie (D:6)
  4 rats
  A rat zombie (Ossuary)
290 creatures vanquished.

Vanquished Creatures (others)
  3 plants
  2 withered plants (D:3)
5 creatures vanquished.

Grand Total: 295 creatures vanquished

Notes
Turn   | Place    | Note
-------+----------+-------------------------------------------
     0 | D:1      | Chocolat the Formicid Venom Mage began the quest for the
                  | Orb.
     0 | D:1      | Reached XP level 1. HP: 13/13 MP: 3/3
    15 | D:1      | Reached skill level 1 in Conjurations
   297 | D:1      | Reached XP level 2. HP: 19/19 MP: 3/5
   301 | D:1      | Learned a level 2 spell: Poisonous Vapours
   623 | D:1      | Reached XP level 3. HP: 21/24 MP: 6/6
   854 | D:2      | Reached skill level 5 in Poison Magic
  1198 | D:2      | Reached XP level 4. HP: 21/30 MP: 8/8
  1372 | D:2      | Reached skill level 1 in Air Magic
  1637 | D:2      | Reached skill level 1 in Shields
  1728 | D:2      | Found a sparkling altar of Nemelex Xobeh.
  2108 | D:2      | Found a sparkling altar of Nemelex Xobeh.
  2110 | D:2      | Found a shimmering altar of Xom.
  2110 | D:2      | Found a snail-covered altar of Cheibriados.
  2113 | D:2      | Found a bloodstained altar of Trog.
  2113 | D:2      | Found a glowing silver altar of Zin.
  2113 | D:2      | Found a glowing silver altar of Zin.
  2184 | D:2      | Reached XP level 5. HP: 34/36 MP: 9/9
  2360 | D:3      | Learned a level 4 spell: Olgreb's Toxic Radiance
  2390 | D:3      | Reached skill level 1 in Axes
  2637 | D:3      | Reached XP level 6. HP: 42/42 MP: 1/11
  2778 | D:3      | Found a runed translucent door.
  2778 | D:3      | Noticed EtherCrawl's ghost (amateur HuFi)
  3295 | D:4      | Reached skill level 1 in Fighting
  3624 | D:4      | Reached skill level 1 in Armour
  3624 | D:4      | Reached XP level 7. HP: 20/48 MP: 1/12
  4134 | D:4      | Found Ephemiog's Assorted Antiques.
  4215 | D:5      | Entered Level 5 of the Dungeon
  4289 | D:5      | Found a sacrificial altar of Ru.
  4572 | D:5      | Found a snail-covered altar of Cheibriados.
  4575 | D:5      | Became a worshipper of Cheibriados the Contemplative
  4747 | D:5      | Found a glowing golden altar of the Shining One.
  5136 | D:6      | Found a staircase to the Ecumenical Temple.
  5221 | D:6      | Reached XP level 8. HP: 55/55 MP: 12/14
  5255 | D:6      | Found a runed translucent door.
  5256 | D:6      | Noticed Crazy Yiuf
  5368 | D:6      | Reached * piety under Cheibriados
  5615 | D:7      | Found a sand-covered staircase.
  5657 | Ossuary  | Entered an ossuary
  5772 | Ossuary  | Reached ** piety under Cheibriados
  6450 | D:7      | Noticed a wyvern
  6456 | D:7      | Killed a wyvern
  6456 | D:7      | Reached skill level 1 in Invocations
  6469 | D:7      | Reached XP level 9. HP: 43/62 MP: 2/15
  6589 | D:7      | Reached skill level 5 in Axes
  6622 | D:7      | Reached *** piety under Cheibriados
  6766 | D:7      | Reached skill level 1 in Short Blades
  6905 | D:7      | Reached skill level 5 in Shields
  7174 | D:7      | Reached skill level 5 in Armour
  7211 | D:7      | Found a burning altar of Makhleb.
  7356 | D:8      | Found a faded altar of an unknown god.
  7356 | D:8      | Found a faded altar of an unknown god.
  7361 | D:8      | Found an iron altar of Okawaru.
  7363 | D:8      | Found a bloodstained altar of Trog.
  7365 | D:8      | Found an ancient bone altar of Kikubaaqudgha.
  7493 | D:8      | Reached **** piety under Cheibriados
  7499 | D:8      | Reached XP level 10. HP: 64/71 MP: 12/16
  7608 | D:8      | Found an opulent altar of Gozag.
  7854 | D:8      | Found a staircase to the Lair.
  7855 | D:8      | Noticed a komodo dragon
  7881 | D:8      | Killed a komodo dragon
  8023 | D:8      | Got a translucent whip
  8024 | D:8      | Identified the +7 whip "Sisowk" {slash, +Inv rN+} (You
                  | found it on level 8 of the Dungeon)
  8870 | D:9      | Reached skill level 1 in Maces & Flails
  9003 | D:9      | Found a hazy altar of Hepliaklqana.
  9220 | D:10     | Entered Level 10 of the Dungeon
  9243 | D:10     | Noticed a gargoyle
  9266 | D:10     | Killed a gargoyle
  9266 | D:10     | Reached ***** piety under Cheibriados
  9266 | D:10     | Reached skill level 5 in Invocations
  9454 | D:10     | Learned a level 3 spell: Regeneration
  9519 | D:10     | Found a shimmering altar of Xom.
  9546 | D:10     | Noticed a two-headed ogre
  9555 | D:10     | Killed a two-headed ogre
  9555 | D:10     | Reached skill level 1 in Charms
  9555 | D:10     | Reached skill level 1 in Necromancy
  9555 | D:10     | Reached XP level 11. HP: 41/78 MP: 5/17
 10127 | D:11     | Noticed Maurice
 10135 | D:11     | Reached skill level 5 in Fighting
 10151 | D:11     | Killed Maurice
 10196 | D:11     | Noticed a two-headed ogre
 10204 | D:11     | Killed a two-headed ogre
 10343 | D:11     | Noticed a cyan ugly thing
 10353 | D:11     | Killed a green ugly thing
 10563 | D:11     | Noticed Snorg
 10565 | D:11     | Reached skill level 1 in Evocations
 10675 | D:11     | Learned a level 3 spell: Mephitic Cloud
 10727 | D:11     | Mangled by a large slime creature

Skill      XL: |  1  2  3  4  5  6  7  8  9 10 11 |
---------------+----------------------------------+-----
Conjurations   | 1 |  1.1
Poison Magic   | 5 6 |  6.1
Air Magic      | 1 2 3 |  3.0
Shields        | 1 2 3 4 6 9 |  9.1
Spellcasting   | 3 4 |  4.0
Axes           | 1 2 3 4 6 |  6.8
Fighting       | 1 2 3 4 5 |  5.8
Armour         | 1 2 3 5 6 9 |  9.1
Invocations    | 1 3 5 6 |  6.8
Short Blades   | 1 |  1.3
Maces & Flails | 2 |  2.2
Charms         | 1 3 |  3.6
Necromancy     | 1 3 |  3.6
Evocations     | 1 |  1.8
Dodging        | |  1.7
Stealth        | |  2.4

Action                   |  1- 3 |  4- 6 |  7- 9 | 10-12 || total
-------------------------+-------+-------+-------+-------++-------
Melee: Hand axe          |    60 |    70 |   395 |    27 ||   552
       Dagger            |       |       |    56 |    43 ||    99
       Whip              |       |       |       |   233 ||   233
 Cast: Sting             |    11 |       |       |       ||    11
       Poisonous Vapours |     1 |    28 |    45 |    47 ||   121
       Olgreb's Toxic Ra |       |     5 |     5 |    14 ||    24
       Mephitic Cloud    |       |       |       |     1 ||     1
Invok: Bend Time         |       |       |       |     1 ||     1
Evoke: Wand              |       |       |     7 |     1 ||     8
  Use: Scroll            |       |     5 |     3 |     5 ||    13
 Stab: Sleeping          |     2 |     2 |     3 |       ||     7
       Paralysed         |       |       |       |     1 ||     1
  Eat: Chunk             |     1 |    11 |    12 |     9 ||    33
       Ration            |       |       |     1 |       ||     1
Armor: Robe              |    12 |     4 |       |       ||    16
       Ring mail         |       |     8 |   105 |     2 ||   115
       Chain mail        |       |       |       |    41 ||    41
Dodge: Dodged            |    29 |    66 |   295 |   113 ||   503
Block: Shield            |    26 |       |    71 |   166 ||   263
